 Dungeon Crawl Stone Soup version 0.22-a0-392-g5dc3fd9 (webtiles) character file.

32 DrEnzyme the Ducker (level 3, 0/27 HPs)
             Began as a Human Wanderer on May 1, 2018.
             Slain by an adder (2 damage)
             ... on level 2 of the Dungeon.
             The game lasted 00:05:17 (1143 turns).

DrEnzyme the Ducker (Human Wanderer)                Turns: 1143, Time: 00:05:17

Health: 0/27       AC:  5    Str: 12    XL:     3   Next: 42%
Magic:  3/3        EV: 13    Int: 11    God:
Gold:   93         SH:  0    Dex: 14    Spells: 2/2 levels left

rFire    . . .     SeeInvis .   a - +0 short sword
rCold    . . .     Gourm    .   (no shield)
rNeg     . . .     Faith    .   d - +2 leather armour
rPois    .         Spirit   .   (no helmet)
rElec    .         Reflect  .   (no cloak)
rCorr    .         Harm     .   (no gloves)
MR       .....                  (no boots)
Stlth    ++........             (no amulet)
HPRegen  0.09/turn              (no ring)
MPRegen  0.08/turn              (no ring)

@: lethally poisoned (0 -> -4)
A: no striking features
a: no special abilities


You were on level 2 of the Dungeon.
You were not hungry.

You visited 1 branch of the dungeon, and saw 2 of its levels.

You collected 93 gold pieces.

Inventory:

Hand Weapons
 a - a +0 short sword (weapon)
 b - a +0 dagger
Missiles
 k - 12 stones (quivered)
Armour
 d - a +2 leather armour (worn)
Scrolls
 c - 2 scrolls of teleportation
 e - a scroll of amnesia {unknown}
 i - 2 scrolls of identify {unknown}
 j - a scroll of blinking {unknown}
 l - a scroll of magic mapping {unknown}
Potions
 g - 3 potions of curing {unknown}
 h - a potion of agility {unknown}
Comestibles
 f - a ration


   Skills:
 + Level 2.1 Fighting
 * Level 2.4 Short Blades
 * Level 0.6 Armour
 * Level 3.6 Dodging
 * Level 2.1 Stealth
   Level 1.0 Evocations


You had 2 spell levels left.
You didn't know any spells.

Dungeon Overview and Level Annotations

Branches:
Dungeon (2/15)

Altars:


Message History

You closely miss the adder.
The adder is almost dead.
The adder bites you but does no damage.
You closely miss the adder.
The adder is almost dead.
* * * LOW HITPOINT WARNING * * *
You feel sick. The adder bites you.
* * * LOW HITPOINT WARNING * * *
You closely miss the adder.
The adder is almost dead.
* * * LOW HITPOINT WARNING * * *
You feel sick. The adder closely misses you. The adder misses you.
You closely miss the adder.
The adder is severely wounded.
The adder barely misses you.
You barely miss the adder.
The adder is severely wounded.
* * * LOW HITPOINT WARNING * * *
You feel sick. The adder bites you.
You die...

.o...##..
.....#.# ..(...#
.o...###.#
.o....... #o...#
......... #o#
.........# #S#
.......... ##@#
.....[.... #..#
........## ###.##
.........####...#
.........##...###
..)......##.###
.........##.#
.........##.#
........###.#


You could see an orc priest, an orc wizard, an adder and 2 orcs.

Vanquished Creatures
  A gnoll (D:2)
  An ooze (D:1)
  A dart slug (D:1)
  A giant cockroach (D:1)
  4 goblins (D:1)
  3 kobolds
  A ball python (D:2)
  2 bats
  A frilled lizard (D:1)
  2 rats (D:1)
17 creatures vanquished.

Notes
Turn   | Place    | Note
-------+----------+-------------------------------------------
     0 | D:1      | DrEnzyme the Human Wanderer began the quest for the Orb.
     0 | D:1      | DrEnzyme set off with: a +2 leather armour, a +0 short sword, a scroll of teleportation, a +0 dagger, a ration
     0 | D:1      | Reached XP level 1. HP: 16/16 MP: 1/1
    67 | D:1      | Reached XP level 2. HP: 14/22 MP: 2/2
   835 | D:2      | Reached XP level 3. HP: 27/27 MP: 3/3
  1143 | D:2      | Slain by an adder

Vault maps used:
D:1:      lemuel_arrival_river_bridge
D:2:      uniq_natasha, uniq_terence

Action                   || total
-------------------------++-------
Melee: Short sword       ||    71
       Dagger            ||     7
 Stab: Sleeping          ||     4
  Eat: Chunk             ||     1
Armor: Leather armour    ||    16
Dodge: Dodged            ||    43

Table legend:
 A = Spawn XP
 B = Non-spawn XP
 C = Spawn XP percentage of total XP
 D = Spawn monster count
 E = Non-spawn monster count
 F = Spawn count percentage of total count
 G = Total turns spent on level
                    A         B        C        D         E        F      G
               +---------+---------+-------+---------+---------+-------+---------
         Total |       0 |      46 |   0.0 |       0 |      17 |   0.0 |  1143
               +---------+---------+-------+---------+---------+-------+---------
           D:1 |       0 |      28 |   0.0 |       0 |      13 |   0.0 |  1043
           D:2 |       0 |      18 |   0.0 |       0 |       4 |   0.0 |   100
               +---------+---------+-------+---------+---------+-------+---------
